 Dungeon Crawl Stone Soup version 0.21-a0-135-g8dc100c (webtiles) character file.

5820 Musica the Basher (level 10, -3/65 HPs)
             Began as a Gargoyle Berserker on July 17, 2017.
             Was a High Priest of Trog.
             Slain by a troll (10 damage)
             ... on level 10 of the Dungeon.
             The game lasted 00:37:57 (9421 turns).

Musica the Basher (Gargoyle Berserker)              Turns: 9421, Time: 00:37:58

Health: -3/65      AC: 20    Str: 27      XL:     10   Next: 80%
Magic:  10/10      EV:  9    Int: 11      God:    Trog [*****.]
Gold:   847        SH:  0    Dex: 11 (12) Spells: 9/9 levels left

rFire    + + .     SeeInvis .   w - +10 war axe of Taxation {holy, rElec Int+4}
rCold    + . .     Gourm    .   (no shield)
rNeg     + . .     Faith    .   e - +0 chain mail {rF+}
rPois    ∞         Spirit   .   (no helmet)
rElec    +         Reflect  .   (no cloak)
rCorr    .         Harm     .   G - +0 pair of gloves
MR       .....                  (no boots)
Stlth    ..........             r - amulet of regeneration
HPRegen  0.60/turn              p - ring of protection from cold
MPRegen  0.12/turn              (no ring)

@: mighty, berserk cooldown, slowed, very slow
A: rugged brown scales 1, fire resistance 1, negative energy resistance 1,
electricity resistance, unbreathing, petrification resistance, rot immunity, AC
+7
a: Berserk, Trog's Hand, Brothers in Arms, Burn Spellbooks, Renounce Religion


You were on level 10 of the Dungeon.
You worshipped Trog.
Trog was extremely pleased with you.
You were hungry.

You visited 2 branches of the dungeon, and saw 12 of its levels.
You also visited: Bailey.

You collected 847 gold pieces.

Inventory:

Hand Weapons
 a - a +1 mace
 q - a +0 blowgun
 w - the +10 war axe of Taxation (weapon) {holy, rElec Int+4}
   (You found it on level 7 of the Dungeon)

   It has been blessed by the Shining One to cause great damage to the undead
   and demons.
   It affects your intelligence (+4).
   It insulates you from electricity.
 A - a +0 morningstar
 C - a +0 flail of protection
 D - a +0 shortbow
 M - a +2 antimagic executioner's axe
Missiles
 j - 174 arrows
 k - 70 sling bullets
 l - 346 stones (quivered)
 t - 14 poisoned needles
 u - 7 needles of confusion
 y - 59 bolts
 z - 10 tomahawks of returning
 N - 3 tomahawks
Armour
 e - a +0 chain mail of fire resistance (worn)
 s - a +0 robe of resistance
 E - a +2 leather armour of cold resistance
 G - a +0 pair of gloves (worn)
Magical Staves
 h - an uncursed staff of wizardry {unknown}
Jewellery
 m - an uncursed ring of see invisible {unknown}
 p - a ring of protection from cold (left hand)
 r - an amulet of regeneration (around neck)
Wands
 b - a wand of iceblast (11/15)
 K - a wand of polymorph (10/24)
Scrolls
 d - a scroll of magic mapping
 f - 2 scrolls of teleportation
 i - a scroll of blinking
 v - 7 scrolls of identify
 x - 4 scrolls of remove curse
 F - 2 scrolls of enchant weapon
 H - a scroll of enchant armour {unknown}
Potions
 o - 2 potions of curing
 B - a potion of haste
 J - a potion of agility
Comestibles
 c - 8 bread rations
 n - 6 meat rations
 I - a royal jelly
 L - 2 chunks of flesh


   Skills:
 + Level 8.0 Fighting
 + Level 4.0(7.4) Axes
 + Level 10.5(10.9) Maces & Flails
 + Level 6.2 Bows
 + Level 7.6 Armour
 - Level 1.5 Dodging


You had 9 spell levels left.
You didn't know any spells.

Dungeon Overview and Level Annotations

Branches:
Dungeon (11/15)            Temple (1/1) D:4            Lair (0/6) D:8
    Orc (0/2) D:10

Altars:
Ashenzari
Cheibriados
Dithmenos
Elyvilon
Fedhas
Gozag
Hepliaklqana
Kikubaaqudgha
Makhleb
Nemelex Xobeh
Okawaru
Qazlal
Ru
Sif Muna
Trog
Uskayaw
Vehumet
Wu Jian
Xom
Yredelemnul
Zin
The Shining One


Innate Abilities, Weirdness & Mutations

You are resistant to torment.
Your stone body is resilient. (AC +7)
You are immune to poison.
You resist negative energy. (rN+)
You are resistant to electric shocks. (rElec)
You can survive without breathing.
You are immune to petrification.
You are immune to rotting.
You are partially covered in rugged brown scales. (AC +1, +3% HP)
Your flesh is heat resistant. (rF+)


Message History

The troll is severely wounded.
The troll bites you but does no damage. The troll barely misses you.
The troll claws you!
* * * LOW HITPOINT WARNING * * *
The troll bites you but does no damage. The troll claws you but does no damage.
The troll claws you.
* * * LOW HITPOINT WARNING * * *
You feel better. The troll bites you but does no damage.
The troll claws you but does no damage. x2; The troll bites you!
* * * LOW HITPOINT WARNING * * *
The troll barely misses you. The troll closely misses you.
You barely miss the troll.
The troll is heavily wounded.
The troll closely misses you.
The troll claws you but does no damage. x2
The troll bites you but does no damage. The troll barely misses you.
The troll claws you but does no damage.
You closely miss the troll.
The troll is heavily wounded.
The troll bites you!
You die...

. .... # #..#
.# # #..# .# #
#..# ..# #
#..######..###
#######
#.<...........
.........#
#.))..........
.........#
#..........#
#######..#
#...@T.....# #
#..#
#..........# #
#..#
#..........#
#######..#
#.............
.........#
#.............
)........#
#..######!.###
####.....####..
<.#
#.....8.....#..
..#
#)..........#.


You could see a troll.

Vanquished Creatures
  A troll (D:10)
  The ghost of Musica the Skirmisher, an amateur DsAK of Hepliaklqana (D:5)
  Grinder (D:5)
  The ghost of afd the Magician, an amateur OpWz (D:3)
  2 hell hounds (D:8)
  3 black bears
  4 ice beasts
  2 sky beasts
  A necrophage (D:9)
  5 orc warriors
  2 ogres
  2 centaurs (D:5)
  Blork the orc (D:4)
  4 big kobolds
  3 bullfrogs
  A wyvern zombie (D:6)
  2 scorpions
  5 wights (D:6)
  A howler monkey (D:6)
  6 crimson imps
  3 hounds
  3 jellies (D:6)
  2 gnoll shamans
  10 orc priests
  8 orc wizards
  Jessica (D:3)
  3 bullfrog skeletons
  3 iguanas
  3 worker ants
  2 hound skeletons
  15 gnolls
  2 howler monkey skeletons
  10 adders
  A shadow imp (D:8)
  2 oozes
  An adder zombie (D:6)
  2 adder skeletons
  9 worms
  3 dart slugs
  A leopard gecko (D:7)
  32 orcs
  A ball python (D:1)
  4 bats
  7 giant cockroaches
  12 goblins
  9 hobgoblins
  14 jackals
  4 quokkas
  5 frilled lizards
  41 kobolds
  A quokka skeleton (D:4)
  7 rats
269 creatures vanquished.

Vanquished Creatures (collateral kills)
  A two-headed ogre (D:11)
  3 orc warriors
  A phantom (D:10)
  A big kobold (D:10)
  A shadow imp (D:11)
  5 orcs (D:10)
  4 kobolds (D:10)
16 creatures vanquished.

Grand Total: 285 creatures vanquished

Notes
Turn   | Place    | Note
-------+----------+-------------------------------------------
     0 | D:1      | Musica the Gargoyle Berserker began the quest for the Orb.
     0 | D:1      | Reached XP level 1. HP: 14/14 MP: 1/1
   274 | D:1      | Reached XP level 2. HP: 19/19 MP: 2/2
   813 | D:1      | Reached XP level 3. HP: 24/24 MP: 3/3
  1069 | D:2      | Noticed a hand axe
  1070 | D:2      | Found a hide-covered altar of Uskayaw.
  1070 | D:2      | Noticed a hand axe
  1347 | D:2      | Reached ** piety under Trog
  1602 | D:3      | Noticed afd's ghost (amateur OpWz)
  1919 | D:2      | Reached XP level 4. HP: 29/29 MP: 4/4
  2105 | D:2      | Reached skill level 4 in Maces & Flails
  2420 | D:3      | Noticed Jessica
  2432 | D:3      | Killed Jessica
  2437 | D:3      | Reached XP level 5. HP: 21/34 MP: 5/5
  3239 | D:4      | Reached skill level 5 in Maces & Flails
  3243 | D:4      | Reached XP level 6. HP: 22/39 MP: 6/6
  3456 | D:4      | Noticed Blork the orc
  3473 | D:4      | Reached *** piety under Trog
  3764 | D:4      | Found a staircase to the Ecumenical Temple.
  3775 | Temple   | Entered the Ecumenical Temple
  4125 | D:4      | Reached skill level 5 in Fighting
  4188 | D:4      | Reached skill level 6 in Maces & Flails
  4188 | D:4      | Reached XP level 7. HP: 17/44 MP: 7/7
  4516 | D:5      | Entered Level 5 of the Dungeon
  4534 | D:5      | Noticed Musica's ghost (amateur DsAK)
  4660 | D:4      | Killed Blork the orc
  4764 | D:4      | Found a white marble altar of Elyvilon.
  4764 | D:4      | Found a faded altar of an unknown god.
  4770 | D:4      | Found a glowing golden altar of the Shining One.
  4772 | D:4      | Found a blossoming altar of Fedhas.
  4773 | D:4      | Found a snail-covered altar of Cheibriados.
  5204 | D:5      | Reached skill level 7 in Maces & Flails
  5251 | D:5      | Reached skill level 5 in Armour
  5251 | D:5      | Reached XP level 8. HP: 47/51 MP: 8/8
  5256 | D:5      | Gained mutation: Your flesh is heat resistant. (rF+) [mutagenic meat]
  5257 | D:5      | Gained mutation: You are partially covered in rugged brown scales. (AC +1, +3% HP) [mutagenic meat]
  5276 | D:5      | Killed Musica's ghost
  5646 | D:3      | Killed afd's ghost
  5646 | D:3      | Reached skill level 8 in Maces & Flails
  5862 | D:5      | Found an ornate altar of the Wu Jian Council.
  5870 | D:5      | Reached skill level 1 in Bows
  5877 | D:5      | Found a shadowy altar of Dithmenos.
  5985 | D:5      | Noticed Grinder
  5988 | D:5      | Paralysed by Grinder for 4 turns
  6017 | D:5      | Killed Grinder
  6017 | D:5      | Reached XP level 9. HP: 56/56 MP: 9/9
  6394 | D:5      | Reached skill level 9 in Maces & Flails
  6613 | D:6      | Reached **** piety under Trog
  7510 | D:7      | Reached skill level 10 in Maces & Flails
  7517 | D:7      | Reached ***** piety under Trog
  7788 | D:7      | Reached XP level 10. HP: 64/64 MP: 10/10
  7845 | D:7      | Reached skill level 5 in Bows
  8042 | D:7      | Noticed a moth of wrath
  8045 | D:7      | Found a bloodstained altar of Trog.
  8083 | D:7      | Got a jewelled war axe
  8084 | D:7      | Identified the +10 war axe of Taxation {holy, rElec Int+4} (You found it on level 7 of the Dungeon)
  8234 | D:9      | HP: 2/64 [large slime creature (12)]
  8251 | D:9      | Found a burning altar of Makhleb.
  8324 | D:9      | Found a flagged portal.
  8345 | Bailey   | Entered a bailey
  8429 | Bailey   | Found a burning altar of Makhleb.
  8684 | D:8      | Found a staircase to the Lair.
  8852 | D:8      | Found a sacrificial altar of Ru.
  8860 | D:8      | Reached skill level 1 in Axes
  9155 | D:8      | You fall through a shaft for 3 floors!
  9162 | D:11     | Noticed a two-headed ogre
  9168 | D:11     | Killed a two-headed ogre
  9186 | D:10     | Entered Level 10 of the Dungeon
  9240 | D:10     | Found a staircase to the Orcish Mines.
  9262 | D:10     | Received a gift from Trog
  9381 | D:9      | Found a deep blue altar of Sif Muna.
  9381 | D:9      | Found an opulent altar of Gozag.
  9381 | D:9      | Found an iron altar of Okawaru.
  9381 | D:9      | Found a hazy altar of Hepliaklqana.
  9383 | D:9      | Found a sparkling altar of Nemelex Xobeh.
  9417 | D:10     | HP: 3/65 [troll (10)]
  9421 | D:10     | Slain by a troll

Vault maps used:
D:1:      lemuel_arrival_broad_hall, minmay_split_cup_small
D:2:      dancing_weapons_uskayaw
D:3:      uniq_jessica
D:4:      chequers_temple_overflow_minitemple,
          minmay_temple_entry_statues_fountains, uniq_blork_the_orc
D:5:      lemuel_doored_altar, basic_altar, first_bread, lemuel_another_geyser,
          uniq_grinder
D:6:      minmay_misc_feat_chi
D:7:      tgw_trog
D:8:      kennysheep_mini, minmay_lair_entry_lava
D:9:      nicolae_overflow_hidden_temple, enter_bailey_1, hangedman_ranch,
          makhleb_blood_cavern_becter
D:10:     david_orc_2, uniq_erolcha
Temple:   compressed_dpeg_triangle_lava_temple
Bailey:   bailey_axe_3, bailey

Skill      XL: |  1  2  3  4  5  6  7  8  9 10 |
---------------+-------------------------------+-----
Fighting       | 4 5 6 7 8 |  8.0
Maces & Flails | 4 5 6 7 8 10 | 10.5
Armour         | 3 4 5 7 |  7.6
Bows           | 1 4 6 |  6.2
Axes           | 4 |  4.0
Dodging        | |  1.5

Action                   |  1- 3 |  4- 6 |  7- 9 | 10-12 || total
-------------------------+-------+-------+-------+-------++-------
Melee: Mace              |   137 |   196 |       |       ||   333
       Morningstar       |       |    26 |   237 |    91 ||   354
       Flail             |       |       |   132 |       ||   132
       War axe           |       |       |       |   100 ||   100
 Fire: Shortbow          |       |       |    45 |    28 ||    73
Throw: Stone             |       |    19 |       |       ||    19
Invok: Berserk           |       |     1 |     9 |     7 ||    17
       Trog's Hand       |       |     1 |     1 |     3 ||     5
       Brothers in Arms  |       |       |       |     3 ||     3
Evoke: Wand              |       |       |       |     1 ||     1
  Use: Scroll            |     8 |     3 |     5 |     5 ||    21
       Potion            |       |     3 |     2 |    10 ||    15
  Eat: Chunk             |     2 |     6 |    18 |    11 ||    37
       Meat ration       |       |     1 |       |       ||     1
       Royal jelly       |       |       |     2 |     1 ||     3
Armor: Ring mail         |    71 |   123 |    81 |       ||   275
       Animal skin       |     3 |       |       |       ||     3
       Skin              |       |    57 |       |       ||    57
       Chain mail        |       |       |   148 |   163 ||   311
       Robe              |       |       |     1 |       ||     1
Dodge: Dodged            |    90 |   155 |   163 |    91 ||   499
